 Dungeon Crawl Stone Soup version 0.31-a0-620-gd1cbd99268 (webtiles) character file.

Game seed: 4501287142152873741

403 mopl the Insei (level 6, -3/41 HPs)
             Began as an Octopode Shapeshifter on Aug 23, 2023.
             Was a Follower of Uskayaw.
             Slain by Prince Ribbit (13 damage)
             ... on level 5 of the Dungeon.
             The game lasted 00:05:38 (3695 turns).

mopl the Insei (Octopode Shapeshifter)              Turns: 3695, Time: 00:05:39

Health: -3/41      AC:  5    Str: 14    XL:     6   Next: 86%
Magic:  6/6        EV: 14    Int: 11    God:    Uskayaw [*.....]
Gold:   36         SH:  0    Dex: 14    Spells: 5/5 levels left

rFire   + .          .
                       - Unarmed
rCold   . . .        (no shield)
rNeg    . . .        (helmet currently unavailable)
rPois   +            (no amulet)
rElec   .            d - ring of protection from fire
rCorr   .            i - ring of poison resistance
SInv    .            r - +4 ring of protection
Will    .....        (no ring)
Stlth   ++           (no ring)
HPRegen 0.26/turn    (no ring)
MPRegen 0.10/turn    (no ring)
                     (no ring)

%: no passive effects
@: beast-form
A: beast (slay +2), almost no armour, amphibious, 8 rings, camouflage 1,
gelatinous body 1, (nimble swimmer 1), tentacles
a: Begin Untransformation, Renounce Religion, Stomp


You were on level 5 of the Dungeon.
You worshipped Uskayaw.
Uskayaw was noncommittal.
You were a hulking beast.
You visited 2 branches of the dungeon, and saw 6 of its levels.

You collected 105 gold pieces.
You spent 69 gold pieces at shops.

Inventory:

Missiles
 j - 3 poisoned darts (quivered)
 B - a boomerang
Jewellery
 d - a ring of protection from fire (left tentacle)
 i - a ring of poison resistance (right tentacle)
 r - a +4 ring of protection (on tentacle)
Talismans
 b - a beast talisman (active)
 f - a flux talisman
 g - a maw talisman
 y - a blade talisman
Scrolls
 c - 2 scrolls of poison {unknown}
 e - a scroll of acquirement {unknown}
 k - 3 scrolls of vulnerability {unknown}
 o - a scroll of noise {unknown}
 p - a scroll of revelation {unknown}
 q - 3 scrolls of teleportation {unknown}
 s - a scroll of fog {unknown}
 u - a scroll of silence {unknown}
 v - 3 scrolls of amnesia {unknown}
 w - 2 scrolls of enchant armour {unknown}
 x - 2 scrolls of identify
 A - a scroll of immolation {unknown}
Potions
 a - a potion of lignification {!q}
 h - a potion of berserk rage {!q}
 l - 3 potions of heal wounds
 m - 2 potions of enlightenment
 n - a potion of resistance
 t - 3 potions of curing
 z - a potion of ambrosia


   Skills:
 + Level 2.6 Fighting
 + Level 1.6 Throwing
 + Level 3.1 Dodging
 * Level 4.8 Unarmed Combat
 + Level 0.3 Invocations
 * Level 4.5 Shapeshifting


You had 5 spell levels left.
You didn't know any spells.
Your spell library contained the following spells:

 Spells                   Type           Power      Damage    Failure   Level
 Call Canine Familiar     Summ           0%         N/A       71%         3
 Portal Projectile        Hex/Tloc       0%         N/A       71%         3
 Tukima's Dance           Hex            0%         N/A       71%         3
 Leda's Liquefaction      Hex/Erth       0%         N/A       98%         4
 Passage of Golubria      Tloc           0%         N/A       98%         4
 Lee's Rapid Deconstruct  Erth           0%         3d4*      100%        5
 Yara's Violent Unravell  Hex/Tmut       0%         3d3       100%        5
 Leda's Unmaking          Conj/Erth      0%         9d1       100%        6


Dungeon Overview and Level Annotations

Branches:
Dungeon (5/15)             Temple (1/1) D:4

Altars:
Cheibriados
Elyvilon
Gozag
Makhleb
Nemelex Xobeh
Ru
Sif Muna
Trog
Uskayaw
Vehumet
Wu Jian
Yredelemnul
Zin
The Shining One

Shops:
D:3 *

Annotations:
D:5 Prince Ribbit


Innate Abilities, Weirdness & Mutations

You are a hulking beast.
Your limbs bulge with bestial killing power. (Slay +2)
You cannot wear most types of armour.
You are amphibious.
You can wear up to eight rings at the same time.
Your skin changes colour to match your surroundings (Stealth+).
Your rubbery body absorbs attacks. (AC +1, EV +1)
((You are camouflaged when in or above water. (Stealth+)))
You have tentacles for arms and can constrict up to eight enemies at once.


Message History

No target in view!
No target in view!
Key pressed, stopping explore.
Items here: )) ††.
Things that are here:
a +0 short sword; a +0 hand axe; an orc corpse
Found a hand axe.
You see here a +0 hand axe.
You see here a +0 hand axe.
There is a stone staircase leading up here.
Key pressed, stopping explore.
Done exploring.
What level of the Dungeon? (default 4, ? - help)
You see here a +0 whip.
There is a stone staircase leading down here.
You climb downwards.
There is a stone staircase leading up here.
Found a stone staircase leading down.
Found a ring mail.
Prince Ribbit comes into view.
Prince Ribbit croaks.
Prince Ribbit blinks!
Prince Ribbit moves out of view.
Prince Ribbit is nearby!
An adder comes into view.
Found 11 gold pieces.
The adder moves out of view.
Prince Ribbit hits you!
You tentacle-slap Prince Ribbit. Your grab misses Prince Ribbit.
Prince Ribbit is lightly wounded.
Prince Ribbit croaks regally.
Prince Ribbit hits you.
You tentacle-slap Prince Ribbit. You grab Prince Ribbit.
You squeeze Prince Ribbit.
Prince Ribbit is moderately wounded.
You constrict Prince Ribbit. Prince Ribbit hits you.
You tentacle-slap Prince Ribbit. You squeeze Prince Ribbit.
Prince Ribbit is heavily wounded.
You constrict Prince Ribbit. Prince Ribbit hits you!
* * * LOW HITPOINT WARNING * * *
Prince Ribbit hits you!
You die...

...######......#.# .#
............>....#...#
##.######..#...#.#...#
...........#.#.#.#...#
########...#.#.#.#...##.
[....##...#.#.#.......S
#................#
#.##.............#
###.##.###.###h#.....
................F......
####.##.###.###.##..###
# #.# #.# #.# .# #.# #.#
#.# # #.# #.# #.$ ..#
#.. ..# ### ### ###


You could see Prince Ribbit and an adder (wandering).

Vanquished Creatures
  A scorpion (D:4)
  A gnoll bouda (D:4)
  An orc wizard (D:4)
  Robin (D:4)
  12 gnolls
  2 adders
  A worm (D:2)
  5 dart slugs
  5 orcs
  7 bats
  7 endoplasms
  3 giant cockroaches
  19 goblins
  12 hobgoblins
  20 jackals
  7 kobolds
  3 quokkas
  6 ball pythons
  2 frilled lizards
  6 rats
  A spectral orc (D:4)
122 creatures vanquished.

Notes
Turn   | Place    | Note
-------+----------+-------------------------------------------
     0 | D:1      | mopl the Octopode Shapeshifter began the quest for the Orb.
     0 | D:1      | Reached XP level 1. HP: 13/13 MP: 1/1
   131 | D:1      | Reached XP level 2. HP: 18/18 MP: 2/2
   467 | D:1      | Reached XP level 3. HP: 18/23 MP: 3/3
   851 | D:2      | Reached XP level 4. HP: 28/28 MP: 4/4
  1250 | D:2      | Reached skill level 4 in Unarmed Combat
  1296 | D:2      | Found a faded altar of an unknown god.
  1601 | D:3      | Reached XP level 5. HP: 30/34 MP: 5/5
  1701 | D:3      | Reached skill level 2 in Fighting
  1749 | D:3      | Found Nooskadgh's Assorted Antiques.
  1758 | D:3      | Bought a scroll labelled YFA EDGHEOGEPT for 23 gold pieces
  1758 | D:3      | Bought a scroll labelled XEV FI NIY for 23 gold pieces
  1758 | D:3      | Bought a scroll labelled SOES MEEBLIL for 23 gold pieces
  1961 | D:3      | Reached skill level 4 in Shapeshifting
  2021 | D:4      | Found a burning altar of Makhleb.
  2121 | D:4      | Reached skill level 1 in Throwing
  2121 | D:4      | Reached XP level 6. HP: 29/39 MP: 6/6
  2354 | D:4      | Reached skill level 3 in Dodging
  2486 | D:4      | Found a basalt altar of Yredelemnul.
  2711 | D:4      | You fall into a shaft and drop 1 floor!
  2711 | D:5      | Entered Level 5 of the Dungeon
  2814 | D:4      | Found a staircase to the Ecumenical Temple.
  2838 | Temple   | Entered the Ecumenical Temple
  2849 | Temple   | Became a worshipper of Uskayaw the Reveller
  2960 | D:4      | Noticed Robin
  2973 | D:4      | Reached * piety under Uskayaw
  2979 | D:3      | Reached ** piety under Uskayaw
  3056 | D:4      | Killed Robin
  3114 | D:4      | Reached *** piety under Uskayaw
  3689 | D:5      | Noticed Prince Ribbit
  3695 | D:5      | Slain by Prince Ribbit

Illustrated notes

Levels and vault maps discovered:
D:1:      lightli_arrival_isolated_outpost, layout_basic
D:2:      layout_loops_cross, dilly_ecumenical_altar_fadedgnrine,
          minmay_splitting_lines, st_stairs_14, palyth_stone_intersect,
          hangedman_decor_riveting, minmay_pentomino_r2
D:3:      layout_basic, serial_shops, nicolae_shop_overgrown_old_shop
D:4:      layout_layer_cave, yredelemnul_forgotten_temple_becter,
          mainiacjoe_overflow_boulevard, minmay_temple_entry_arrows, uniq_robin
D:5:      layout_basic, uniq_prince_ribbit1
Temple:   nicolae_temple_hex_pool

Skill      XL: |  1  2  3  4  5  6 |
---------------+-------------------+-----
Unarmed Combat | 4 |  4.8
Fighting       | 2 |  2.6
Shapeshifting  | 4 |  4.5
Throwing       | 1 |  1.6
Dodging        | 3 |  3.1
Invocations    | |  0.3

Action                     |  1- 3 |  4- 6 || total
---------------------------+-------+-------++-------
  Melee: Unarmed           |    72 |   169 ||   241
         Constrict         |    18 |    49 ||    67
         Tentacles         |    11 |    43 ||    54
         Punch             |       |     3 ||     3
    Use: Scroll            |       |     7 ||     7
   Stab: Sleeping          |     3 |    10 ||    13
         Distracted        |       |     1 ||     1
         Paralysed         |       |     1 ||     1
 Armour: Skin              |     5 |    26 ||    31
  Dodge: Dodged            |    44 |   101 ||   145

Table legend: (Time is in decaauts)
 A = Elapsed time spent in this place.
 B = Non-inter-level travel time spent in this place.
 C = Inter-level travel time spent in this place.
 D = Time resting spent in this place.
 E = Time spent auto-exploring this place.
 F = Levels seen in this place.
 G = Mean time per level.
                   A        B        C        D        E       F      G
               +--------+--------+--------+--------+--------+-----+--------+
         Total |   3676 |   3493 |    183 |    278 |   2432 |   6 |  612.7 |
       Dungeon |   3653 |   3482 |    171 |    278 |   2432 |   5 |  730.6 |
        Temple |     22 |     11 |     11 |      0 |      0 |   1 |   22.0 |
               +--------+--------+--------+--------+--------+-----+--------+

Top non-repeatable levels by time:
     D:4: 1421 daAuts
     D:1: 791 daAuts
     D:2: 678 daAuts
     D:3: 646 daAuts
     D:5: 115 daAuts
  Temple: 22 daAuts
